 Dungeon Crawl Stone Soup version 0.29.0-4-gdea44cf6ec (webtiles) character file.

Game seed: 12376462182105741144

1 qw the Grasshopper (level 1, 0/12 HPs)
             Began as a Tengu Warper on Aug 28, 2022.
             Slain by a gnoll
             ... wielding a +0 spear
              (5 damage)
             ... on level 1 of the Dungeon.
             The game lasted 00:00:00 (223 turns).

qw the Grasshopper (Tengu Warper)                    Turns: 223, Time: 00:00:00

Health: 0/12       AC:  3    Str: 11    XL:     1   Next: 20%
Magic:  4/4        EV: 11    Int: 13    God:
Gold:   8          SH:  0    Dex: 13    Spells: 4/4 levels left

rFire   . . .      SeeInvis .   a - +0 hand axe
rCold   . . .      Faith    .   (no shield)
rNeg    . . .      Spirit   .   b - +0 leather armour
rPois   .          Reflect  .   (helmet restricted)
rElec   .          Harm     .   (no cloak)
rCorr   .          Rampage  .   (no gloves)
Will    .....                   (boots unavailable)
Stlth   +.........              (no amulet)
HPRegen 0.04/turn               (no ring)
MPRegen 0.09/turn               (no ring)

@: no status effects
A: beak, talons 3
a: no special abilities


You were on level 1 of the Dungeon.
You visited 1 branch of the dungeon, and saw 1 of its levels.

You collected 8 gold pieces.


Innate Abilities, Weirdness & Mutations

You have a beak for a mouth.
You have claws for feet.


   Skills:
 - Level 2.0 Fighting
 + Level 2.3 Axes
 - Level 1.0 Throwing
 - Level 1.1 Armour
 - Level 2.1 Dodging
 - Level 2.0 Spellcasting
 - Level 2.4 Translocations


You had 4 spell levels left.
You didn't know any spells.
Your spell library contained the following spells:

 Spells                   Type           Power      Damage    Failure   Level
 Blink                    Tloc           14%        N/A       19%         2
 Gell's Gravitas          Tloc           7%         N/A       36%         3
 Lesser Beckoning         Tloc           7%         N/A       36%         3
 Teleport Other           Tloc           7%         N/A       36%         3
 Manifold Assault         Tloc           7%         N/A       98%         5

Inventory:

Hand Weapons
 a - a +0 hand axe (weapon)
Missiles
 d - 4 boomerangs of dispersal (quivered)
Armour
 b - a +0 leather armour (worn)
Scrolls
 c - a scroll of blinking
 e - 2 scrolls of enchant weapon {unknown}

Dungeon Overview and Level Annotations

Branches:
Dungeon (1/15)

Altars:


Message History

Moving in this stuff is going to be slow.
A frilled lizard comes into view.
Found a scroll labelled UNWUOPP HONIUD.
The frilled lizard hisses angrily.
Enter note: Throw: 7 boomerangs (disperse)
Press: ? - help, Q - select action Shift-Dir - straight line, f - frilled lizard You throw a boomerang of dispersal.
The boomerang of dispersal hits the frilled lizard.
The frilled lizard blinks!
You kill the frilled lizard!
e - a scroll labelled UNWUOPP HONIUD
Found 4 stones.
A frilled lizard comes into view.
Found a stone staircase leading down.
The frilled lizard hisses angrily.
Throw: 6 boomerangs (disperse)
Press: ? - help, Q - select action Shift-Dir - straight line, f - frilled lizard You throw a boomerang of dispersal.
The boomerang of dispersal barely misses the frilled lizard.
Throw: 5 boomerangs (disperse)
Press: ? - help, Q - select action Shift-Dir - straight line, f/p - frilled lizard You throw a boomerang of dispersal.
The boomerang of dispersal hits the frilled lizard.
The frilled lizard blinks!
You feel a bit more experienced.
e - 2 scrolls labelled UNWUOPP HONIUD (gained 1)
Found a dagger.
Enter note: You see here a +0 dagger.
You now have 8 gold pieces.
A gnoll comes into view. It is wielding a +0 spear.
119 ||| Stepping ~*~*~tactically~*~*~ (hiding).
You start waiting.
Done waiting.
The gnoll misses you. The gnoll hits you with a +0 spear!
Ouch! That really hurt!
You barely miss the gnoll. The gnoll hits you with a +0 spear.
You die...

...........##....%~
..##....#.##......
..##....#.#....~..
#.......#.#....... .
#.#.....#....##...
..#####.#.....#...###...
.................## ##..
........#..####.## ###
.......@##.####.# #
......g.##......#
........######..########
........# ##..(......
######### #.......#.
#.#......> #.#.#.#...
#.#...#... #.#.###...


You could see a gnoll.

Vanquished Creatures
  2 frilled lizards (D:1)
2 creatures vanquished.

Notes
Turn   | Place    | Note
-------+----------+-------------------------------------------
     0 | D:1      | qw the Tengu Warper began the quest for the Orb.
     0 | D:1      | Reached XP level 1. HP: 12/12 MP: 4/4
     0 | D:1      | 0 ||| qw: Version: 0.1-a-89-g26bdef1
     0 | D:1      | 0 ||| qw: Game counter: 3362
     0 | D:1      | 0 ||| qw: Always use a shield: true
     0 | D:1      | 0 ||| qw: God list: Okawaru
     0 | D:1      | 0 ||| qw: Allow faded altars: false
     0 | D:1      | 0 ||| qw: Do Orc after D:15 true
     0 | D:1      | 0 ||| qw: Do second Lair branch before Depths: true
     0 | D:1      | 0 ||| qw: Lair rune preference: random
     0 | D:1      | 0 ||| qw: Plans: Normal
     0 | D:1      | 0 ||| PLANNING D:1-11
   119 | D:1      | 119 ||| Stepping ~*~*~tactically~*~*~ (hiding).
   223 | D:1      | Slain by a gnoll

Levels and vault maps discovered:
D:1:      lemuel_arrival_muddy, layout_basic,
          dreamdust_ecumenical_altar_drowned_temple, minivault_19

Action                   || total
-------------------------++-------
Melee: Hand axe          ||     1
Throw: Boomerang         ||     3
Dodge: Dodged            ||     1

Table legend:
 A = Non-vault XP
 B = Vault XP
 C = Vault XP percentage of total XP
 D = Non-vault monster count
 E = Vault monster count
 F = Vault count percentage of total count
                 A         B        C        D         E       F
            +---------+---------+-------+---------+---------+-------
      Total |       2 |       0 |   0.0 |       2 |       0 |   0.0
            +---------+---------+-------+---------+---------+-------
        D:1 |       2 |       0 |   0.0 |       2 |       0 |   0.0
            +---------+---------+-------+---------+---------+-------
